NCAA
TEXAS CHRISTIAN HORNED FROGS @ SOUTH CAROLINA GAMECOCKS
05/19/2024
 
TOP OF THE 1ST
Texas Christian Horned Frogs batting - Pitching for South Carolina Gamecocks : RHP Ray Hall
Pitching: RHP Ray Hall
Batting: LHB José Garza 0-0: SINGLE (Line Drive, 78S)
Batting: RHB Anthony Walsh 0-0: Called Strike
0-1: Ball
1-1: Called Strike
José Garza steals 2nd base
1-2: 2-RUN HOME RUN (Flyball, 7LD), Distance : 316 ft
Batting: LHB Miguel Martínez 0-0: Swinging Strike
0-1: Called Strike
0-2: Strikes out swinging
Batting: RHB Cristo Souza 0-0: Ball
1-0: Fly out, F8 (Flyball, 8RD)
Batting: LHB Brenton Carter 0-0: Called Strike
0-1: Ball
1-1: Ball
2-1: Ball
3-1: Called Strike
3-2: Base on Balls
Batting: LHB Garrett Cabrera 0-0: Called Strike
0-1: Foul Ball, location: 2F
0-2: SINGLE (Line Drive, 34)
Brenton Carter to second
Runner from 2nd tries for 3rd, OUT!
Top of the 1st over - 2 run(s), 3 hit(s), 0 error(s), 1 left on base; Texas Christian 2 - South Carolina 0
BOTTOM OF THE 1ST
South Carolina Gamecocks batting - Pitching for Texas Christian Horned Frogs : RHP Juan Vigil
Pitching: RHP Juan Vigil
Batting: LHB Josh Pérez 0-0: Ball
1-0: SOLO HOME RUN (Flyball, 8LXD), Distance : 394 ft
Batting: RHB Lewis Carter 0-0: Swinging Strike
0-1: Ball
1-1: Ball
2-1: Ball
3-1: Base on Balls
Batting: RHB Junior Adams 0-0: Ball
1-0: Ball
2-0: Foul Ball, location: 2F
2-1: Fly out, F4 (Popup, 3D)
Batting: RHB Doug O'Brien 0-0: Grounds into double play, 4-6-3 (Groundball, 4)
Bottom of the 1st over - 1 run(s), 1 hit(s), 0 error(s), 0 left on base; Texas Christian 2 - South Carolina 1
TOP OF THE 2ND
Texas Christian Horned Frogs batting - Pitching for South Carolina Gamecocks : RHP Ray Hall
Batting: LHB Brandon Bingham 0-0: Ball
1-0: Ball
2-0: SINGLE (Groundball, 4MD)
Batting: SHB Matt Pierce 0-0: Swinging Strike
0-1: Swinging Strike
0-2: Ball
1-2: Ball
2-2: Strikes out swinging
Batting: LHB Dave Green 0-0: Ball
1-0: Ball
2-0: Called Strike
2-1: Ball
3-1: Called Strike
3-2: Foul Ball, location: 2F
3-2: Base on Balls
Brandon Bingham to second
Batting: LHB José Garza 0-0: Ball
1-0: Ball
2-0: Ball
3-0: Base on Balls
Brandon Bingham to third
Dave Green to second
Batting: RHB Anthony Walsh 0-0: Swinging Strike
0-1: Ball
1-1: Foul Ball, location: 2F
1-2: Strikes out swinging
Batting: LHB Miguel Martínez 0-0: Fielders Choice at 2nd, U6 (Groundball, 6M)
Top of the 2nd over - 0 run(s), 1 hit(s), 0 error(s), 3 left on base; Texas Christian 2 - South Carolina 1
BOTTOM OF THE 2ND
South Carolina Gamecocks batting - Pitching for Texas Christian Horned Frogs : RHP Juan Vigil
Batting: RHB Carl Johnston 0-0: Ball
1-0: Ball
2-0: Foul Ball, location: 2F
2-1: Ball
3-1: Base on Balls
Batting: RHB Taylor Justice 0-0: Ball
1-0: Ball
2-0: Called Strike
2-1: Ball
3-1: Called Strike
3-2: SINGLE (Line Drive, 8RS)
Carl Johnston to second
Batting: RHB Clint Ratzlaff 0-0: Ball
1-0: Fly out, F5 (Popup, 5SF)
Batting: RHB José Zúńiga 0-0: Called Strike
0-1: Foul Ball, location: 2F
0-2: Ball
1-2: Fly out, F8 (Flyball, 8RM)
Batting: RHB Gary Wyatt 0-0: Ball
1-0: Called Strike
1-1: Ball
2-1: Ball
3-1: Foul Ball, location: 2F
3-2: Foul Ball, location: 2F
3-2: SINGLE (Flyball, 78M)
Carl Johnston to third
Taylor Justice to second
Carl Johnston scores
Taylor Justice to third
Batting: LHB Josh Pérez 0-0: Called Strike
0-1: Ground out 4-3 (Groundball, 4MS)
Bottom of the 2nd over - 1 run(s), 2 hit(s), 0 error(s), 2 left on base; Texas Christian 2 - South Carolina 2
TOP OF THE 3RD
Texas Christian Horned Frogs batting - Pitching for South Carolina Gamecocks : RHP Ray Hall
Batting: RHB Cristo Souza 0-0: Ball
1-0: Foul Ball, location: 2F
1-1: Ball
2-1: Ball
3-1: Swinging Strike
3-2: Strikes out swinging
Batting: LHB Brenton Carter 0-0: Called Strike
0-1: Called Strike
0-2: Ball
1-2: Foul Ball, location: 2F
1-2: SINGLE (Line Drive, 4D)
Batting: LHB Garrett Cabrera 0-0: Called Strike
0-1: Ball
1-1: Called Strike
1-2: Foul Ball, location: 2F
1-2: Strikes out swinging
Batting: LHB Brandon Bingham 0-0: Ball
1-0: Fly out, F8 (Flyball, 78M)
Top of the 3rd over - 0 run(s), 1 hit(s), 0 error(s), 1 left on base; Texas Christian 2 - South Carolina 2
BOTTOM OF THE 3RD
South Carolina Gamecocks batting - Pitching for Texas Christian Horned Frogs : RHP Juan Vigil
Batting: RHB Lewis Carter 0-0: Called Strike
0-1: SINGLE (Line Drive, 34)
Batting: RHB Junior Adams 0-0: Called Strike
0-1: Ball
1-1: Ball
2-1: Swinging Strike
2-2: SINGLE (Groundball, 56D)
Lewis Carter to second
Batting: RHB Doug O'Brien 0-0: Ball
1-0: Foul Ball, location: 2F
1-1: Called Strike
1-2: Foul Ball, location: 2F
1-2: Ball
2-2: Foul Ball, location: 2F
2-2: Foul Ball, location: 2F
2-2: Foul Ball, location: 2F
2-2: 3-RUN HOME RUN (Flyball, 8RXD), Distance : 384 ft
Batting: RHB Carl Johnston 0-0: Foul Ball, location: 2F
0-1: Ball
1-1: Foul Ball, location: 2F
1-2: Ball
2-2: Ball
3-2: Strikes out swinging
Batting: RHB Taylor Justice 0-0: Foul Ball, location: 2F
0-1: Fly out, F9 (Flyball, 89M)
Batting: RHB Clint Ratzlaff 0-0: Swinging Strike
0-1: Ball
1-1: Ball
2-1: Ball
3-1: Base on Balls
Batting: RHB José Zúńiga 0-0: Called Strike
0-1: SINGLE (Line Drive, 9S)
Clint Ratzlaff to second
Runner from 2nd tries for 3rd, SAFE, no throw or cutoff
Batting: RHB Gary Wyatt 0-0: Fly out, F8 (Flyball, 8LM)
Bottom of the 3rd over - 3 run(s), 4 hit(s), 0 error(s), 2 left on base; Texas Christian 2 - South Carolina 5
TOP OF THE 4TH
Texas Christian Horned Frogs batting - Pitching for South Carolina Gamecocks : RHP Ray Hall
Batting: SHB Matt Pierce 0-0: Ball
1-0: SINGLE (Line Drive, 8LS)
Batting: LHB Dave Green 0-0: Called Strike
0-1: Ball
1-1: Swinging Strike
1-2: Strikes out looking
Batting: LHB José Garza 0-0: Ball
1-0: Ball
2-0: Fly out, F6 (Line Drive, 6)
Batting: RHB Anthony Walsh 0-0: Foul Ball, location: 2F
0-1: Swinging Strike
0-2: Ball
1-2: Strikes out looking
Top of the 4th over - 0 run(s), 1 hit(s), 0 error(s), 1 left on base; Texas Christian 2 - South Carolina 5
BOTTOM OF THE 4TH
South Carolina Gamecocks batting - Pitching for Texas Christian Horned Frogs : RHP Juan Vigil
Batting: LHB Josh Pérez 0-0: Ball
1-0: Ball
2-0: Called Strike
2-1: Swinging Strike
2-2: Foul Ball, location: 2F
2-2: Foul Ball, location: 2F
2-2: Ball
3-2: Base on Balls
Pitching: LHP Ralph Slater
Batting: RHB Lewis Carter 0-0: Ball
Throwing error on steal attempt, E2
Josh Pérez to third
1-0: SINGLE (Line Drive, 89S)
Josh Pérez scores
Batting: RHB Junior Adams 0-0: Ball
1-0: Ball
2-0: Ball
3-0: Base on Balls
Lewis Carter to second
Batting: RHB Doug O'Brien 0-0: Ball
1-0: Ball
2-0: Ball
3-0: Base on Balls
Lewis Carter to third
Junior Adams to second
Batting: RHB Carl Johnston 0-0: Swinging Strike
0-1: Ball
1-1: Ball
2-1: Ball
3-1: Foul Ball, location: 2F
3-2: Base on Balls
Lewis Carter scores
Junior Adams to third
Doug O'Brien to second
Batting: RHB Taylor Justice 0-0: Called Strike
0-1: Called Strike
0-2: Ball
1-2: Ball
2-2: Grounds into double play, 6-4-3 (Groundball, 6)
Junior Adams scores
Doug O'Brien to third
Batting: RHB Clint Ratzlaff 0-0: Foul Ball, location: 2F
0-1: Swinging Strike
0-2: SINGLE (Line Drive, 6MD)
Doug O'Brien scores
Batting: RHB José Zúńiga 0-0: Called Strike
0-1: Ball
1-1: Called Strike
1-2: Strikes out swinging
Bottom of the 4th over - 4 run(s), 2 hit(s), 1 error(s), 1 left on base; Texas Christian 2 - South Carolina 9
TOP OF THE 5TH
Texas Christian Horned Frogs batting - Pitching for South Carolina Gamecocks : RHP Ray Hall
Batting: LHB Miguel Martínez 0-0: Fly out, F9 (Flyball, 89M)
Batting: RHB Cristo Souza 0-0: SOLO HOME RUN (Flyball, 78XD), Distance : 381 ft
Batting: LHB Brenton Carter 0-0: Fly out, F6 (Line Drive, 6M)
Batting: LHB Garrett Cabrera 0-0: Called Strike
0-1: Ground out 4-3 (Groundball, 4M)
Top of the 5th over - 1 run(s), 1 hit(s), 0 error(s), 0 left on base; Texas Christian 3 - South Carolina 9
BOTTOM OF THE 5TH
South Carolina Gamecocks batting - Pitching for Texas Christian Horned Frogs : LHP Ralph Slater
Batting: RHB Gary Wyatt 0-0: Called Strike
0-1: DOUBLE (Line Drive, 5D)
Batting: LHB Josh Pérez 0-0: Called Strike
0-1: Foul Ball, location: 2F
0-2: Strikes out looking
Batting: RHB Lewis Carter 0-0: Called Strike
0-1: SINGLE (Line Drive, 4)
Gary Wyatt to third
Batting: RHB Junior Adams 0-0: Ball
1-0: DOUBLE (Line Drive, 7LM)
Gary Wyatt scores
Lewis Carter to third
Runner from 3rd tries for Home, throw and OUT!
Junior Adams to third
Pitching: LHP Jason Reece
Batting: RHB Doug O'Brien 0-0: Called Strike
0-1: Fly out, F3 (Popup, 3SF)
Bottom of the 5th over - 1 run(s), 3 hit(s), 0 error(s), 1 left on base; Texas Christian 3 - South Carolina 10
TOP OF THE 6TH
Texas Christian Horned Frogs batting - Pitching for South Carolina Gamecocks : RHP Ray Hall
Batting: LHB Brandon Bingham 0-0: Ball
1-0: Swinging Strike
1-1: Foul Ball, location: 2F
1-2: Ball
2-2: Ball
3-2: Foul Ball, location: 2F
3-2: Strikes out swinging
Pitching: RHP Kelly Sheehan
Batting: SHB Matt Pierce 0-0: Foul Ball, location: 2F
0-1: Called Strike
0-2: Ball
1-2: Ball
2-2: Foul Ball, location: 2F
2-2: Ball
3-2: Base on Balls
Batting: LHB Dave Green 0-0: Ball
1-0: Ball
2-0: Ball
3-0: Foul Ball, location: 2F
3-1: Base on Balls
Matt Pierce to second
Batting: LHB José Garza 0-0: Foul Ball, location: 2F
0-1: Ball
1-1: Foul Ball, location: 2F
1-2: Foul Ball, location: 2F
1-2: Fielders Choice at 2nd, 5-4 (Groundball, 56)
Matt Pierce to third
Batting: RHB Anthony Walsh 0-0: Swinging Strike
0-1: Foul Ball, location: 2F
0-2: Ball
1-2: Fly out, F9 (Flyball, 9D)
Top of the 6th over - 0 run(s), 0 hit(s), 0 error(s), 2 left on base; Texas Christian 3 - South Carolina 10
BOTTOM OF THE 6TH
South Carolina Gamecocks batting - Pitching for Texas Christian Horned Frogs : LHP Jason Reece
Batting: RHB Carl Johnston 0-0: SINGLE (Groundball, 34)
Batting: RHB Taylor Justice 0-0: Swinging Strike
0-1: Ball
1-1: Fly out, F5 (Popup, 25F)
Batting: RHB Clint Ratzlaff 0-0: Swinging Strike
0-1: Ball
1-1: Grounds into double play, 6-4-3 (Groundball, 6)
Bottom of the 6th over - 0 run(s), 1 hit(s), 0 error(s), 0 left on base; Texas Christian 3 - South Carolina 10
TOP OF THE 7TH
Texas Christian Horned Frogs batting - Pitching for South Carolina Gamecocks : RHP Kelly Sheehan
Batting: LHB Miguel Martínez 0-0: Fly out, F1 (Popup, 15)
Batting: RHB Cristo Souza 0-0: Ball
1-0: Called Strike
1-1: Ball
2-1: SINGLE (Groundball, 34D)
Batting: LHB Brenton Carter 0-0: Ball
1-0: Foul Ball, location: 2F
1-1: Called Strike
1-2: Strikes out swinging
Batting: LHB Garrett Cabrera 0-0: Foul Ball, location: 2F
0-1: Called Strike
0-2: Ball
1-2: Ball
2-2: Strikes out swinging
Top of the 7th over - 0 run(s), 1 hit(s), 0 error(s), 1 left on base; Texas Christian 3 - South Carolina 10
BOTTOM OF THE 7TH
South Carolina Gamecocks batting - Pitching for Texas Christian Horned Frogs : LHP Jason Reece
Batting: RHB José Zúńiga 0-0: Swinging Strike
0-1: Swinging Strike
0-2: Strikes out swinging
Batting: RHB Gary Wyatt 0-0: Ball
1-0: Ball
2-0: Ball
3-0: Called Strike
3-1: Called Strike
3-2: Base on Balls
Batting: LHB Josh Pérez 0-0: Ball
1-0: Called Strike
1-1: Fly out, F8 (Flyball, 8LM)
Batting: RHB Lewis Carter 0-0: Ball
1-0: DOUBLE (Flyball, 78M)
Gary Wyatt to third
Runner from 3rd tries for Home, SAFE, no throw or cutoff
Batting: RHB Junior Adams 0-0: Called Strike
0-1: Called Strike
0-2: Strikes out swinging
Bottom of the 7th over - 1 run(s), 1 hit(s), 0 error(s), 1 left on base; Texas Christian 3 - South Carolina 11
TOP OF THE 8TH
Texas Christian Horned Frogs batting - Pitching for South Carolina Gamecocks : RHP Kelly Sheehan
Pitching: RHP Gerald Wood
Now in CF: Will Jones
Batting: LHB Brandon Bingham 0-0: Ball
1-0: Foul Ball, location: 2F
1-1: Called Strike
1-2: Strikes out swinging
Batting: SHB Matt Pierce 0-0: Swinging Strike
0-1: Swinging Strike
0-2: Strikes out swinging
Batting: LHB Dave Green 0-0: Ball
1-0: Ball
2-0: Ball
3-0: Called Strike
3-1: Called Strike
3-2: Base on Balls
Batting: LHB José Garza 0-0: Ball
1-0: Ball
2-0: Ball
3-0: Called Strike
3-1: Called Strike
3-2: Strikes out looking
Top of the 8th over - 0 run(s), 0 hit(s), 0 error(s), 1 left on base; Texas Christian 3 - South Carolina 11
BOTTOM OF THE 8TH
South Carolina Gamecocks batting - Pitching for Texas Christian Horned Frogs : LHP Jason Reece
Pitching: RHP Steve Patterson
Batting: RHB Doug O'Brien 0-0: Ball
1-0: Foul Ball, location: 2F
1-1: Foul Ball, location: 2F
1-2: Ball
2-2: Strikes out swinging
Batting: RHB Carl Johnston 0-0: Ball
1-0: Called Strike
1-1: Ball
2-1: Foul Ball, location: 2F
2-2: Ball
3-2: Foul Ball, location: 2F
3-2: Base on Balls
Batting: RHB Taylor Justice 0-0: Called Strike
0-1: Foul Ball, location: 2F
0-2: Foul Ball, location: 2F
0-2: Foul Ball, location: 2F
0-2: SINGLE (Groundball, 56D)
Carl Johnston to second
Batting: RHB Clint Ratzlaff 0-0: Ball
1-0: Ball
2-0: Foul Ball, location: 2F
2-1: Called Strike
2-2: Foul Ball, location: 2F
2-2: Foul Ball, location: 2F
2-2: Foul Ball, location: 2F
2-2: Ball
3-2: Foul Ball, location: 2F
3-2: Base on Balls
Carl Johnston to third
Taylor Justice to second
Pitching: RHP Tony Collins
Batting: RHB José Zúńiga 0-0: Called Strike
0-1: Ball
1-1: Swinging Strike
1-2: Fly out, F9 (Flyball, 89S)
Batting: RHB Gary Wyatt 0-0: Called Strike
0-1: Ball
Wild Pitch!
Carl Johnston scores
Taylor Justice to third
Clint Ratzlaff to second
1-1: Ball
2-1: Ball
3-1: Base on Balls
Batting: RHB Will Jones 0-0: Ball
1-0: Ball
2-0: Ball
3-0: Called Strike
3-1: Base on Balls
Taylor Justice scores
Clint Ratzlaff to third
Gary Wyatt to second
Batting: RHB Lewis Carter 0-0: Ball
1-0: Foul Ball, location: 2F
1-1: Ball
2-1: Swinging Strike
2-2: Foul Ball, location: 2F
2-2: Ball
3-2: Foul Ball, location: 2F
3-2: Strikes out swinging
Bottom of the 8th over - 2 run(s), 1 hit(s), 0 error(s), 3 left on base; Texas Christian 3 - South Carolina 13
TOP OF THE 9TH
Texas Christian Horned Frogs batting - Pitching for South Carolina Gamecocks : RHP Gerald Wood
Batting: RHB Anthony Walsh 0-0: Ball
1-0: Ground out 4-3 (Groundball, 4)
Batting: LHB Miguel Martínez 0-0: Ball
1-0: Foul Ball, location: 2F
1-1: Swinging Strike
1-2: Ball
2-2: Ball
3-2: Foul Ball, location: 2F
3-2: Base on Balls
Batting: RHB Cristo Souza 0-0: SINGLE (Line Drive, 9S)
Miguel Martínez to second
Batting: LHB Brenton Carter 0-0: Ball
1-0: Grounds into double play, 4-6-3 (Groundball, 4)
Top of the 9th over - 0 run(s), 1 hit(s), 0 error(s), 1 left on base; Texas Christian 3 - South Carolina 13
This league is powered by Out of the Park Baseball, the baseball management simulation game for PC, Mac and Linux
Saturday, April 9th, 2016 - OOTP Baseball 16.8 Build 38